 Dungeon Crawl Stone Soup version 0.31-a0-4-gefa6de2278 (webtiles) character file.

Game seed: 6363743096115335618

59 qeuew the Covered (level 3, 0/33 HPs)
             Began as a Minotaur Fighter on May 3, 2023.
             Succumbed to an adder's poison
             ... on level 2 of the Dungeon.
             The game lasted 00:01:43 (849 turns).

qeuew the Covered (Minotaur Fighter)                 Turns: 849, Time: 00:01:44

Health: 0/33       AC:  9    Str: 20    XL:     3   Next: 78%
Magic:  2/2        EV:  9    Int:  5    God:
Gold:   55         SH:  4    Dex: 11    Spells: 2/2 levels left

rFire   . . .        a - +0 war axe
rCold   . . .        c - +0 buckler
rNeg    . . .        b - +0 scale mail
rPois   .            (helmet restricted)
rElec   .            (no cloak)
rCorr   .            (no gloves)
SInv    .            (no boots)
Will    .....        (no amulet) Stlth
                     (no ring)
HPRegen 0.25/turn    (no ring)
MPRegen 0.08/turn

%: clarity
@: lethally poisoned (0 -> -2)
A: horns 2, retaliatory headbutt, iridescent scales 1, clarity
a: no special abilities


You were on level 2 of the Dungeon.
You visited 1 branch of the dungeon, and saw 2 of its levels.

You collected 55 gold pieces.

Inventory:

Hand Weapons
 a - a +0 war axe (weapon)
Armour
 b - a +0 scale mail (worn)
 c - a +0 buckler (worn)
Scrolls
 f - a scroll of teleportation {unknown}
Potions
 d - a potion of might
 g - 2 potions of haste
 h - a potion of flight


   Skills:
 + Level 3.9 Fighting
 * Level 3.3 Axes
 * Level 4.3 Armour
 + Level 1.2 Dodging
 + Level 4.0 Shields


You had 2 spell levels left.
You didn't know any spells.
Your spell library contained the following spells:

 Spells                   Type           Power      Damage    Failure   Level
 Dazzling Flash           Conj/Hex       0%         N/A       99%         3
 Volatile Blastmotes      Fire/Tloc      0%         2d10      99%         3
 Iskenderun's Mystic Bla  Conj/Tloc      0%         2d3       100%        4
 Starburst                Conj/Fire      0%         6d3       100%        6


Dungeon Overview and Level Annotations

Branches:
Dungeon (2/15)

Altars:
Zin

Shops:
D:1 ==*[:


Innate Abilities, Weirdness & Mutations

You have a pair of horns on your head.
You reflexively headbutt those who attack you in melee.
You are partially covered in iridescent scales. (AC +2)
You possess an exceptional clarity of mind.


Message History

The gnoll hits you from afar with a +0 spear.
You miss the adder.
The adder is severely wounded.
The adder bites you.
* * * LOW HITPOINT WARNING * * *
The gnoll barely misses you. The adder completely misses you.
The gnoll hits you from afar with a +0 spear.
* * * LOW HITPOINT WARNING * * *
You feel much better. The adder bites you but does no damage.
The gnoll hits you from afar with a +0 spear.
The adder bites you.
You are poisoned.
The adder poisons you!
You miss the adder.
The adder is severely wounded.
You feel very sick. The adder barely misses you.
The gnoll hits you but does no damage.
You closely miss the adder. Your headbutt misses the adder.
The adder is severely wounded.
You feel sick. You block the adder's attack.
The gnoll hits you from afar with a +0 spear.
The adder bites you.
You barely miss the adder.
The adder is severely wounded.
You feel sick. You block the adder's attack.
The gnoll hits you from afar with a +0 spear.
* * * LOW HITPOINT WARNING * * *
The adder bites you but does no damage.
The gnoll hits you from afar with a +0 spear.
* * * LOW HITPOINT WARNING * * *
It was a potion of mutation.
You feel extremely strange.
You feel stupid.
You feel clever.
Iridescent scales grow over part of your body.
Your thoughts seem clearer.
* * * LOW HITPOINT WARNING * * *
You feel sick. The adder bites you but does no damage.
You block the gnoll's attack.
You hit the adder.
You kill the adder!
You die...

#.# # ###.#### #
#.##......# #>
........# #..
#..._..##
#..#####
#.......#
#......#
#...†...#
#..#.####.##....#
#...gwg)@.####..#
#...S###### ##.#
#...♣..# #.#
..... Pg.# #.#
.... ...## #.#
... ....# #.#####
.. ..##.# #.....#
. .#. ..# #####.#
.## #.!# #.#


You could see a worm, 2 gnolls and an adder.

Vanquished Creatures
  A gnoll (D:2)
  An adder (D:2)
  3 dart slugs (D:1)
  4 ball pythons
  4 endoplasms
  A giant cockroach (D:1)
  3 goblins (D:1)
  5 hobgoblins
  2 jackals (D:2)
  A quokka (D:1)
  8 bats
  4 frilled lizards
  4 rats (D:1)
41 creatures vanquished.

Notes
Turn   | Place    | Note
-------+----------+-------------------------------------------
     0 | D:1      | qeuew the Minotaur Fighter began the quest for the Orb.
     0 | D:1      | Reached XP level 1. HP: 19/19 MP: 0/0
   164 | D:1      | Reached XP level 2. HP: 27/27 MP: 1/1
   218 | D:1      | Found Tocex's Jewellery Boutique.
   221 | D:1      | Found Wothrah's General Store.
   253 | D:1      | Found Imargh's Armour Boutique.
   260 | D:1      | Found Bapn's Book Boutique.
   467 | D:1      | Reached skill level 1 in Dodging
   467 | D:1      | Reached XP level 3. HP: 28/33 MP: 2/2
   560 | D:1      | Found Qeir Boy's Jewellery Shop.
   720 | D:2      | Identified the +1 leather armour of Supple Strength {Harm
                  | rPois}
   790 | D:2      | Found a glowing silver altar of Zin.
   848 | D:2      | Gained mutation: You are dopey. (Int -2) [potion of
                  | mutation]
   848 | D:2      | Lost mutation: You are dopey. (Int -2) [potion of mutation]
   848 | D:2      | Gained mutation: You are partially covered in iridescent
                  | scales. (AC +2) [potion of mutation]
   848 | D:2      | Gained mutation: You possess an exceptional clarity of
                  | mind. [potion of mutation]
   849 | D:2      | Succumbed to an adder's poison

Illustrated notes

Levels and vault maps discovered:
D:1:      matt_arrival_refuge, layout_basic, serial_shops,
          nicolae_shop_real_fake_doors, shop, nicolae_shop_just_a_little_nook,
          nicolae_shop_advertising_works [nicolae_subvault_shop_adworks],
          nicolae_shop_behind_doors
D:2:      layout_loops_ring, basic_altar, serial_park_tiny_1, uniq_sigmund,
          uniq_natasha

Skill      XL: |  1  2  3 |
---------------+----------+-----
Armour         | 4 |  4.3
Axes           | 3 |  3.3
Dodging        | 1 |  1.2
Shields        | 4 |  4.0
Fighting       | |  3.9

Action                     || total
---------------------------++-------
  Melee: War axe           ||    96
         Headbutt          ||    14
    Use: Scroll            ||     4
         Potion            ||     4
 Armour: Scale mail        ||    46
  Dodge: Dodged            ||    62
  Block: Buckler           ||    29

Table legend: (Time is in decaauts)
 A = Elapsed time spent in this place.
 B = Non-inter-level travel time spent in this place.
 C = Inter-level travel time spent in this place.
 D = Time resting spent in this place.
 E = Time spent auto-exploring this place.
 F = Levels seen in this place.
 G = Mean time per level.
                   A        B        C        D        E       F      G
               +--------+--------+--------+--------+--------+-----+--------+
         Total |    886 |    865 |     21 |      0 |    628 |   2 |  443.0 |
       Dungeon |    886 |    865 |     21 |      0 |    628 |   2 |  443.0 |
               +--------+--------+--------+--------+--------+-----+--------+

Top non-repeatable levels by time:
     D:1: 700 daAuts
     D:2: 185 daAuts
